| TOP OF THE 1ST |
|
Oakland (APP) Athletics batting - Pitching for Princeton Rays : LHP Chris Bates
|
|
Pitching: LHP Chris Bates
|
|
|
Batting: RHB Steve Blackshear
|
0-0: Swinging Strike 0-1: Ball 1-1: Ball 2-1: Called Strike 2-2: Ball 3-2: Strikes out looking
|
|
Batting: RHB Colin Coleman
|
0-0: Fly out, F9 (Line Drive, 9, EV 88.1 MPH)
|
|
Batting: RHB Matt Black
|
0-0: SINGLE (Groundball, 6D, EV 101.3 MPH)
|
|
Batting: RHB Josh Whaley
|
0-0: Foul Ball, location: 2F 0-1: Swinging Strike 0-2: Strikes out looking
|
| Top of the 1st over - 0 runs, 1 hit, 0 errors, 1 left on base; Oakland (APP) 0 - Princeton 0 |
| BOTTOM OF THE 1ST |
|
Princeton Rays batting - Pitching for Oakland (APP) Athletics : LHP Daniel Aguayo
|
|
Pitching: LHP Daniel Aguayo
|
|
|
Batting: RHB James Huddleston
|
0-0: Fly out, F8 (Flyball, 89S, EV 90.6 MPH)
|
|
Batting: RHB Chris Thorson
|
0-0: Ball 1-0: Called Strike 1-1: Ball 2-1: Ball 3-1: SINGLE (Flyball, 9LS, EV 91.3 MPH)
|
|
Batting: RHB Dan Marks
|
0-0: Ball 1-0: Ball 2-0: Called Strike 2-1: Called Strike 2-2: Foul Ball, location: 2F 2-2: Ball 3-2: SINGLE (Groundball, 4MD, EV 105.6 MPH) Chris Thorson to second
|
|
Batting: SHB Wayne Hattan
|
0-0: Ball 1-0: Called Strike 1-1: Ball 2-1: Ball 3-1: Foul Ball, location: 2F 3-2: Foul Ball, location: 2F 3-2: Base on Balls Chris Thorson to third Dan Marks to second
|
|
Batting: RHB Wil Urban
|
0-0: Called Strike 0-1: Ball 1-1: GRAND SLAM HOME RUN (Flyball, 78XD, EV 100.0 MPH), Distance : 414 ft
|
|
Batting: LHB Josh Redfern
|
0-0: Ball 1-0: Foul Ball, location: 2F 1-1: Foul Ball, location: 2F 1-2: SINGLE (Flyball, 8LS, EV 95.0 MPH)
|
|
Batting: RHB Kunizo Yanagisawa
|
0-0: Called Strike 0-1: Ball 1-1: DOUBLE (Line Drive, 8LD, EV 101.3 MPH) Josh Redfern to third
|
|
Batting: RHB Bazyli Andrysiak
|
0-0: Ball 1-0: Called Strike 1-1: Foul Ball, location: 2F 1-2: Ball 2-2: Foul Ball, location: 2F 2-2: Ground out 3-1 (Groundball, 34S, EV 67.5 MPH) Josh Redfern scores Kunizo Yanagisawa to third
|
|
Batting: RHB Jim Erdody
|
0-0: Ball 1-0: Called Strike 1-1: Called Strike 1-2: Ground out 5-3 (Groundball, 56, EV 105.0 MPH)
|
| Bottom of the 1st over - 5 runs, 5 hits, 0 errors, 1 left on base; Oakland (APP) 0 - Princeton 5 |
| TOP OF THE 2ND |
|
Oakland (APP) Athletics batting - Pitching for Princeton Rays : LHP Chris Bates
|
|
Batting: LHB Augustin Cormier
|
0-0: Swinging Strike 0-1: Swinging Strike 0-2: Foul Ball, location: 2F 0-2: Foul Ball, location: 2F 0-2: Strikes out swinging
|
|
Batting: LHB Al Soltero
|
0-0: Foul Ball, location: 2F 0-1: Foul Ball, location: 2F 0-2: Strikes out swinging
|
|
Batting: RHB Branden Mackie
|
0-0: Ball 1-0: SINGLE (Line Drive, 4M, EV 106.9 MPH)
|
|
Batting: SHB George Marshall
|
0-0: Ball 1-0: Called Strike 1-1: Fly out, F8 (Flyball, 8RS, EV 92.5 MPH)
|
| Top of the 2nd over - 0 runs, 1 hit, 0 errors, 1 left on base; Oakland (APP) 0 - Princeton 5 |
| BOTTOM OF THE 2ND |
|
Princeton Rays batting - Pitching for Oakland (APP) Athletics : LHP Daniel Aguayo
|
|
Batting: RHB James Huddleston
|
0-0: Called Strike 0-1: DOUBLE (Flyball, 8RD, EV 105.6 MPH)
|
|
Batting: RHB Chris Thorson
|
0-0: Ball 1-0: SINGLE (Line Drive, 4M, EV 99.4 MPH) James Huddleston to third
|
|
Pitching: RHP Jalen Cobbins
|
|
|
Batting: RHB Dan Marks
|
0-0: Ball 1-0: Ball 2-0: Swinging Strike 2-1: SINGLE (Line Drive, 8RS, EV 110.6 MPH) James Huddleston scores Chris Thorson to second
|
|
Batting: SHB Wayne Hattan
|
0-0: Called Strike 0-1: Grounds into double play, 6-4-3 (Groundball, 56, EV 86.9 MPH) Chris Thorson to third
|
|
Batting: RHB Wil Urban
|
0-0: Called Strike 0-1: Foul Ball, location: 2F 0-2: Foul Ball, location: 2F 0-2: Ball 1-2: Ground out 2-3 (Groundball, 2L, EV 63.1 MPH)
|
| Bottom of the 2nd over - 1 run, 3 hits, 0 errors, 1 left on base; Oakland (APP) 0 - Princeton 6 |
| TOP OF THE 3RD |
|
Oakland (APP) Athletics batting - Pitching for Princeton Rays : LHP Chris Bates
|
|
Batting: LHB Mark Friedmann
|
0-0: Called Strike 0-1: Ball 1-1: Foul Ball, location: 2F 1-2: Ball 2-2: DOUBLE (Groundball, 3D, EV 111.3 MPH)
|
|
Batting: RHB Steve Blackshear
|
0-0: Ball 1-0: Ball 2-0: Ball 3-0: Called Strike 3-1: Swinging Strike 3-2: Foul Ball, location: 2F 3-2: Foul Ball, location: 2F 3-2: 2-RUN HOME RUN (Flyball, 78XD, EV 104.4 MPH), Distance : 401 ft
|
|
Batting: RHB Colin Coleman
|
0-0: SINGLE (Line Drive, 8RS, EV 105.0 MPH)
|
|
Batting: RHB Matt Black
|
0-0: Foul Ball, location: 2F 0-1: Ball 1-1: Ball Wild Pitch! Colin Coleman to second 2-1: Ball 3-1: Foul Ball, location: 2F 3-2: Ground out 4-3 (Groundball, 4S, EV 76.9 MPH) Colin Coleman to third
|
|
Batting: RHB Josh Whaley
|
0-0: Foul Ball, location: 2F 0-1: Ball 1-1: Swinging Strike 1-2: Ball 2-2: Ball 3-2: Strikes out looking
|
|
Batting: LHB Augustin Cormier
|
0-0: Foul Ball, location: 2F 0-1: Called Strike 0-2: Strikes out swinging
|
| Top of the 3rd over - 2 runs, 3 hits, 0 errors, 1 left on base; Oakland (APP) 2 - Princeton 6 |
| BOTTOM OF THE 3RD |
|
Princeton Rays batting - Pitching for Oakland (APP) Athletics : RHP Jalen Cobbins
|
|
Batting: LHB Josh Redfern
|
0-0: Called Strike 0-1: Called Strike 0-2: Foul Ball, location: 2F 0-2: Ball 1-2: Foul Ball, location: 2F 1-2: Strikes out swinging
|
|
Batting: RHB Kunizo Yanagisawa
|
0-0: SINGLE (Groundball, 6MD, EV 98.8 MPH)
|
|
Batting: RHB Bazyli Andrysiak
|
0-0: Foul Ball, location: 2F 0-1: Foul Ball, location: 2F 0-2: Ball 1-2: Ball 2-2: Hit by Pitch Kunizo Yanagisawa to second
|
|
Batting: RHB Jim Erdody
|
0-0: Fly out, F9 (Flyball, 9LS, EV 83.8 MPH)
|
|
Batting: RHB James Huddleston
|
0-0: Ball 1-0: Called Strike 1-1: Foul Ball, location: 2F 1-2: Strikes out swinging
|
| Bottom of the 3rd over - 0 runs, 1 hit, 0 errors, 2 left on base; Oakland (APP) 2 - Princeton 6 |
| TOP OF THE 4TH |
|
Oakland (APP) Athletics batting - Pitching for Princeton Rays : LHP Chris Bates
|
|
Batting: LHB Al Soltero
|
0-0: Called Strike 0-1: Swinging Strike 0-2: Ball 1-2: Foul Ball, location: 2F 1-2: Foul Ball, location: 2F 1-2: Foul Ball, location: 2F 1-2: Strikes out swinging
|
|
Batting: RHB Branden Mackie
|
0-0: Ball 1-0: Ball 2-0: Ground out U3 (Groundball, 3, EV 87.5 MPH)
|
|
Batting: SHB George Marshall
|
0-0: Swinging Strike 0-1: DOUBLE (Line Drive, 5D, EV 95.6 MPH)
|
|
Batting: LHB Mark Friedmann
|
0-0: Called Strike 0-1: Ball 1-1: Foul Ball, location: 2F 1-2: Ball 2-2: Strikes out swinging
|
| Top of the 4th over - 0 runs, 1 hit, 0 errors, 1 left on base; Oakland (APP) 2 - Princeton 6 |
| BOTTOM OF THE 4TH |
|
Princeton Rays batting - Pitching for Oakland (APP) Athletics : RHP Jalen Cobbins
|
|
Batting: RHB Chris Thorson
|
0-0: Called Strike 0-1: Called Strike 0-2: Foul Ball, location: 2F 0-2: Ground out 6-3 (Groundball, 6, EV 106.3 MPH)
|
|
Batting: RHB Dan Marks
|
0-0: Ball 1-0: SINGLE (Groundball, 4MD, EV 105.6 MPH)
|
|
Batting: SHB Wayne Hattan
|
0-0: Called Strike 0-1: Foul Ball, location: 2F 0-2: Fly out, F8 (Line Drive, 8LM, EV 91.9 MPH)
|
|
Batting: RHB Wil Urban
|
0-0: Called Strike 0-1: Ball 1-1: Ball 2-1: Ball 3-1: Called Strike 3-2: Base on Balls Dan Marks to second
|
|
Batting: LHB Josh Redfern
|
0-0: Called Strike 0-1: Fly out, F9 (Flyball, 9, EV 91.3 MPH)
|
| Bottom of the 4th over - 0 runs, 1 hit, 0 errors, 2 left on base; Oakland (APP) 2 - Princeton 6 |
| TOP OF THE 5TH |
|
Oakland (APP) Athletics batting - Pitching for Princeton Rays : LHP Chris Bates
|
|
Batting: RHB Steve Blackshear
|
0-0: Ball 1-0: Ball 2-0: Called Strike 2-1: DOUBLE (Groundball, 5L, EV 106.9 MPH)
|
|
Batting: RHB Colin Coleman
|
0-0: Ball 1-0: Called Strike 1-1: Foul Ball, location: 2F 1-2: Ball 2-2: Fly out, F9 (Flyball, 89M, EV 85.6 MPH)
|
|
Batting: RHB Matt Black
|
0-0: Foul Ball, location: 2F 0-1: Ball 1-1: Ball 2-1: Called Strike 2-2: Strikes out looking
|
|
Pitching: RHP John Morgan
|
|
|
Batting: RHB Josh Whaley
|
0-0: Swinging Strike 0-1: Ball 1-1: Called Strike 1-2: Foul Ball, location: 2F 1-2: Ball 2-2: Ball 3-2: Strikes out looking
|
| Top of the 5th over - 0 runs, 1 hit, 0 errors, 1 left on base; Oakland (APP) 2 - Princeton 6 |
| BOTTOM OF THE 5TH |
|
Princeton Rays batting - Pitching for Oakland (APP) Athletics : RHP Jalen Cobbins
|
|
Batting: RHB Kunizo Yanagisawa
|
0-0: Ball 1-0: Ball 2-0: Ball 3-0: Called Strike 3-1: Base on Balls
|
|
Pitching: RHP Jesus Gonzales
|
|
|
Batting: RHB Bazyli Andrysiak
|
0-0: Swinging Strike 0-1: Foul Ball, location: 2F 0-2: Ball Wild Pitch! Kunizo Yanagisawa to second 1-2: Strikes out looking
|
|
Batting: RHB Jim Erdody
|
0-0: Ball 1-0: Ball 2-0: Fly out, F9 (Line Drive, 9S, EV 101.9 MPH)
|
|
Batting: RHB James Huddleston
|
0-0: Foul Ball, location: 2F 0-1: Swinging Strike 0-2: Foul Ball, location: 2F 0-2: SINGLE (Groundball, 6MD, EV 105.6 MPH) Kunizo Yanagisawa to third Throwing error, E8 Kunizo Yanagisawa scores James Huddleston to second
|
|
Batting: RHB Chris Thorson
|
0-0: Ball 1-0: Ball 2-0: Called Strike 2-1: Ball 3-1: Foul Ball, location: 2F 3-2: Strikes out swinging
|
| Bottom of the 5th over - 1 run, 1 hit, 1 error, 1 left on base; Oakland (APP) 2 - Princeton 7 |
| TOP OF THE 6TH |
|
Oakland (APP) Athletics batting - Pitching for Princeton Rays : RHP John Morgan
|
|
Batting: LHB Augustin Cormier
|
0-0: Ball 1-0: Ball 2-0: Ball 3-0: Base on Balls
|
|
Batting: LHB Al Soltero
|
0-0: Ground out 6-3 (Groundball, 4, EV 101.9 MPH) Augustin Cormier to second
|
|
Batting: RHB Branden Mackie
|
0-0: Foul Ball, location: 2F 0-1: Ball 1-1: Ground out 4-3 (Groundball, 4, EV 85.6 MPH) Augustin Cormier to third
|
|
Batting: SHB George Marshall
|
0-0: Fly out, F5 (Popup, 56S, EV 81.9 MPH)
|
| Top of the 6th over - 0 runs, 0 hits, 0 errors, 1 left on base; Oakland (APP) 2 - Princeton 7 |
| BOTTOM OF THE 6TH |
|
Princeton Rays batting - Pitching for Oakland (APP) Athletics : RHP Jesus Gonzales
|
|
Batting: RHB Dan Marks
|
0-0: Ball 1-0: SINGLE (Flyball, 8RS, EV 89.4 MPH)
|
|
Batting: SHB Wayne Hattan
|
0-0: Ball 1-0: Called Strike 1-1: Called Strike 1-2: Ball Dan Marks steals 2nd base 2-2: Ball 3-2: Foul Ball, location: 2F 3-2: Ground out U3 (Groundball, 34, EV 107.5 MPH) Dan Marks to third
|
|
Batting: RHB Wil Urban
|
0-0: Swinging Strike 0-1: Ball 1-1: Called Strike 1-2: Strikes out looking
|
|
Batting: LHB Josh Redfern
|
0-0: Foul Ball, location: 2F 0-1: DOUBLE (Line Drive, 9LS, EV 100.0 MPH) Dan Marks scores
|
|
Batting: RHB Kunizo Yanagisawa
|
0-0: Swinging Strike 0-1: Ball 1-1: Ball 2-1: Ball 3-1: Foul Ball, location: 2F 3-2: Base on Balls
|
|
Batting: RHB Bazyli Andrysiak
|
0-0: Fly out, F7 (Flyball, 7, EV 90.6 MPH)
|
| Bottom of the 6th over - 1 run, 2 hits, 0 errors, 2 left on base; Oakland (APP) 2 - Princeton 8 |
| TOP OF THE 7TH |
|
Oakland (APP) Athletics batting - Pitching for Princeton Rays : RHP John Morgan
|
|
Batting: LHB Mark Friedmann
|
0-0: Ground out 6-3 (Groundball, 4M, EV 82.5 MPH)
|
|
Batting: RHB Steve Blackshear
|
0-0: Swinging Strike 0-1: Called Strike 0-2: Foul Ball, location: 2F 0-2: Ball 1-2: Ball 2-2: Ball 3-2: Strikes out swinging
|
|
Batting: RHB Colin Coleman
|
0-0: Ball 1-0: Ball 2-0: Called Strike 2-1: SINGLE (Groundball, 56D, EV 94.4 MPH)
|
|
Batting: RHB Matt Black
|
0-0: Called Strike 0-1: Ball 1-1: Called Strike 1-2: Ball 2-2: Foul Ball, location: 2F 2-2: Ball Colin Coleman is caught stealing 2nd base 2-4
|
| Top of the 7th over - 0 runs, 1 hit, 0 errors, 0 left on base; Oakland (APP) 2 - Princeton 8 |
| BOTTOM OF THE 7TH |
|
Princeton Rays batting - Pitching for Oakland (APP) Athletics : RHP Jesus Gonzales
|
|
Batting: RHB Jim Erdody
|
0-0: Ball 1-0: Foul Ball, location: 2F 1-1: Foul Ball, location: 2F 1-2: Ball 2-2: Ground out 6-3 (Groundball, 6M, EV 105.0 MPH)
|
|
Batting: RHB James Huddleston
|
0-0: Called Strike 0-1: SINGLE (Flyball, 7S, EV 83.8 MPH)
|
|
Pitching: RHP Jon Hollman
|
|
|
Batting: RHB Chris Thorson
|
0-0: Called Strike 0-1: Ball 1-1: Called Strike 1-2: Fly out, F8 (Flyball, 8RD, EV 98.8 MPH)
|
|
Batting: RHB Dan Marks
|
0-0: Ball James Huddleston steals 2nd base 1-0: Called Strike 1-1: TRIPLE (Line Drive, 9LD, EV 99.4 MPH) James Huddleston scores
|
|
Batting: SHB Wayne Hattan
|
0-0: Ball 1-0: Ball 2-0: Called Strike 2-1: Foul Ball, location: 2F 2-2: Ground out 4-3 (Groundball, 4, EV 98.1 MPH)
|
| Bottom of the 7th over - 1 run, 2 hits, 0 errors, 1 left on base; Oakland (APP) 2 - Princeton 9 |
| TOP OF THE 8TH |
|
Oakland (APP) Athletics batting - Pitching for Princeton Rays : RHP John Morgan
|
|
Batting: RHB Matt Black
|
0-0: Ball 1-0: Foul Ball, location: 2F 1-1: SOLO HOME RUN (Line Drive, 7LD, EV 94.4 MPH), Distance : 341 ft
|
|
Batting: RHB Josh Whaley
|
0-0: Fly out, F8 (Flyball, 8RXD, EV 100.6 MPH)
|
|
Batting: LHB Augustin Cormier
|
0-0: Foul Ball, location: 2F 0-1: Ground out U3 (Groundball, 3, EV 98.8 MPH)
|
|
Batting: LHB Al Soltero
|
0-0: Fly out, F9 (Flyball, 9LS, EV 88.1 MPH)
|
| Top of the 8th over - 1 run, 1 hit, 0 errors, 0 left on base; Oakland (APP) 3 - Princeton 9 |
| BOTTOM OF THE 8TH |
|
Princeton Rays batting - Pitching for Oakland (APP) Athletics : RHP Jon Hollman
|
|
Batting: RHB Wil Urban
|
0-0: Fly out, F7 (Flyball, 7LS, EV 70.6 MPH)
|
|
Batting: LHB Josh Redfern
|
0-0: Ball 1-0: Ball 2-0: Ball 3-0: Called Strike 3-1: Base on Balls
|
|
Batting: RHB Kunizo Yanagisawa
|
0-0: Foul Ball, location: 2F 0-1: Swinging Strike 0-2: Hit by Pitch Josh Redfern to second
|
|
Batting: RHB Bazyli Andrysiak
|
0-0: Foul Ball, location: 2F 0-1: Called Strike 0-2: Ball 1-2: SINGLE (Groundball, 6MD, EV 109.4 MPH) Josh Redfern to third Kunizo Yanagisawa to second
|
|
Batting: RHB Jim Erdody
|
0-0: Ball 1-0: Called Strike 1-1: Ball 2-1: Called Strike 2-2: Ball 3-2: Strikes out looking
|
|
Batting: RHB James Huddleston
|
0-0: Fly out, F9 (Line Drive, 9D, EV 88.8 MPH)
|
| Bottom of the 8th over - 0 runs, 1 hit, 0 errors, 3 left on base; Oakland (APP) 3 - Princeton 9 |
| TOP OF THE 9TH |
|
Oakland (APP) Athletics batting - Pitching for Princeton Rays : RHP John Morgan
|
|
Batting: RHB Branden Mackie
|
0-0: Ball 1-0: Ground out 5-3 (Groundball, 56S, EV 85.0 MPH)
|
|
Batting: SHB George Marshall
|
0-0: Fly out, F7 (Flyball, 7D, EV 91.9 MPH)
|
|
Batting: LHB Mark Friedmann
|
0-0: Called Strike 0-1: Ground out 4-3 (Groundball, 4, EV 76.9 MPH)
|
| Top of the 9th over - 0 runs, 0 hits, 0 errors, 0 left on base; Oakland (APP) 3 - Princeton 9 |
|